Map: Efflorescence LE

Players

XoBBster

  • Race: Terran Terran
  • Spawn Location: 12:00

krusty

  • Race: Protoss Protoss
  • League: Platinum
  • Spawn Location: 3:00

Massa - Winner!

  • Race: Terran Terran
  • League: Gold
  • Spawn Location: 9:00

qqq - Winner!

  • Race: Protoss Protoss
  • League: Platinum
  • Spawn Location: 6:00

VOD

Have the link to the VOD?

Description

Time

  • Played on: July 28, 2020, 3:38 p.m.
  • Length: 13:44
Show
View Real Time Build Order
Export as new Build Order

XoBBster Terran 

Build Orders:  

Get SALT Encoding   

  12  0:00  SCV  
  13  0:13  SCV  
  14  0:20  Supply Depot  
  14  0:25  SCV  
  15  0:43  Barracks  
  15  0:44  SCV  
  15  0:48  Refinery  
  16  0:56  SCV  
  17  0:57  Refinery  
  17  1:11  SCV  
  18  1:23  SCV  
  19  1:27  Supply Depot  
  19  1:35  SCV  
  20  1:41  Marine  
  20  1:46  Factory  
  21  1:48  SCV  
  22  2:01  SCV  
  23  2:04  Bunker, Marine  
  24  2:13  SCV  
  25  2:22  Marine  
  25  2:25  SCV  
  27  2:37  Factory Tech Lab  
  27  2:40  Starport, Marine  
  28  2:54  Command Center  
  28  3:09  Siege Tank  
  31  3:18  SCV  
  31  3:25  Marine  
  31  3:31  Bunker  
  31  3:35  Bunker  
  31  3:41  Fusion Core  
  31  3:56  Orbital Command  
  31  4:06  Supply Depot, Siege Tank  
  31  4:37  Engineering Bay  
  34  4:38  Siege Tank  
  34  4:44  Barracks  
  34  4:45  Barracks Reactor  
  34  4:48  Medivac  
  34  4:51  SCV  
  37  4:53  SCV  
  38  5:10  Siege Tank  
  38  5:11  SCV  
  38  5:13  SCV  
  43  5:21  Medivac  
  43  5:23  SCV  
  43  5:25  Marine x2  
  48  5:35  Barracks Tech Lab, SCV  
  49  5:37  Terran Infantry Weapons Level 1  
  49  5:46  Missile Turret  
  49  5:53  Marine x2  
  51  6:02  Medivac  
  53  6:06  Missile Turret  
  53  6:09  Stimpack  
  53  6:10  Marine  
  54  6:28  Missile Turret  
  54  6:31  SCV  
  55  6:33  SCV, Supply Depot  
  55  6:38  Marine x2  
  58  6:43  SCV  
  58  6:44  Marauder  
  58  6:45  SCV  
  62  6:55  SCV  
  62  6:57  SCV  
  62  6:58  Missile Turret, Supply Depot  
  62  6:59  Missile Turret  
  64  7:01  Missile Turret  
  64  7:08  Marauder  
  66  7:09  SCV, Marine  
  66  7:11  Marine  
  69  7:18  SCV  
  69  7:21  Supply Depot  
  69  7:22  SCV  
  68  7:30  Refinery  
  68  7:31  Terran Infantry Armor Level 1  
  68  7:34  SCV  
  63  7:41  Marauder  
  65  7:44  Supply Depot  
  65  7:55  Starport Tech Lab  
  65  7:57  Marine x2  
  67  8:02  SCV, Marauder  
  67  8:05  Refinery  
  70  8:07  SCV  
  70  8:11  Supply Depot  
  71  8:14  SCV  
  71  8:15  Marine x2  
  71  8:17  Siege Tank  
  71  8:19  SCV  
  78  8:21  Combat Shield  
  78  8:24  Marauder  
  78  8:26  SCV  
  81  8:32  Marine  
  81  8:33  Marine  
  83  8:45  Marauder  
  85  8:49  Orbital Command, Siege Tank  
  85  8:50  Command Center  
  88  9:05  Marine x2  
  88  9:19  Marine  
  88  9:21  Battlecruiser  
  88  9:23  Marine x2  
  95  9:37  Marine  
  84  9:40  Concussive Shells  
  84  9:44  Marine x2  
  64  9:51  Starport  
  61  9:53  SCV  
  61  9:54  Marine  
  58  10:02  Marine x2  
  60  10:10  Barracks  
  60  10:12  Barracks  
  60  10:13  Marauder  
  62  10:20  Marine x2  
  64  10:34  Marauder  
  66  10:38  Marine x2  
  66  10:41  Battlecruiser  
  74  10:44  Missile Turret  
  74  10:55  Marine x2  
  76  10:58  Armory  
  71  11:13  Marauder  
  72  11:19  Marine x2  
  73  11:35  Marauder  
  73  11:37  Marine x2  
  71  11:45  Battlecruiser  
  77  11:54  Command Center  
  77  11:56  Marine  
  78  12:13  Marine  
  79  12:28  Starport Tech Lab  
  79  12:31  Marine  
  70  12:47  Marine x2  
  70  12:50  Marauder  
  63  13:05  Marine x2  
  63  13:10  Marine  
  69  13:23  Marine x2  
Show
View Real Time Build Order
Export as new Build Order

krusty Protoss 

Build Orders:  

Get SALT Encoding   

  12  0:00  Probe  
  13  0:12  Probe  
  14  0:21  Pylon  
  14  0:25  Probe  
  15  0:39  Probe (Chrono Boost)  
  15  0:40  Gateway  
  17  0:51  Probe (Chrono Boost), Assimilator  
  17  0:57  Probe (Chrono Boost)  
  18  1:08  Probe  
  19  1:20  Probe  
  20  1:28  Cybernetics Core  
  20  1:32  Probe  
  21  1:44  Probe  
  22  1:49  Pylon  
  22  1:54  Nexus  
  22  2:08  Stalker (Chrono Boost), Warp Gate  
  24  2:15  Assimilator  
  24  2:27  Probe  
  25  2:36  Gateway  
  25  2:39  Probe  
  26  2:51  Probe  
  27  3:03  Probe  
  27  3:04  Robotics Facility  
  28  3:06  Forge  
  28  3:09  Pylon  
  28  3:11  Probe  
  29  3:15  Probe, Stalker (Chrono Boost)  
  32  3:24  Probe  
  33  3:28  Probe  
  34  3:35  Pylon  
  34  3:36  Probe  
  34  3:40  Probe  
  36  3:48  Probe, Photon Cannon  
  37  3:51  Shield Battery  
  37  3:57  Warp Prism (Chrono Boost)  
  39  4:10  Stalker  
  39  4:11  Stalker  
  39  4:16  Probe x2  
  45  4:28  Probe x2  
  47  4:36  Observer (Chrono Boost)  
  48  4:40  Probe  
  48  4:45  Gateway  
  49  4:48  Gateway  
  49  4:49  Observer (Chrono Boost)  
  49  4:52  Stargate  
  50  4:54  Pylon  
  50  4:58  Pylon  
  50  4:59  Probe  
  51  5:00  Probe  
  51  5:02  Pylon  
  51  5:05  Assimilator  
  52  5:08  Adept x2  
  52  5:09  Assimilator  
  52  5:46  Stalker x2  
  52  5:47  Stalker x2  
  60  5:54  Twilight Council  
  60  5:55  Phoenix (Chrono Boost)  
  62  6:06  Probe x2  
  62  6:11  Photon Cannon  
  64  6:12  Phoenix (Chrono Boost)  
  64  6:13  Photon Cannon  
  64  6:14  Protoss Ground Weapons Level 1 (Chrono Boost)  
  64  6:16  Photon Cannon  
  64  6:18  Probe x2  
  68  6:30  Probe x2  
  70  6:38  Blink (Chrono Boost)  
  70  6:40  Stalker x2  
  70  6:41  Stalker x2  
  70  6:42  Probe x2  
  80  6:48  Phoenix  
  75  7:10  Stalker x2  
  75  7:11  Stalker x2  
  83  7:17  Nexus  
  83  7:21  Pylon  
  83  7:28  Probe x2  
  85  7:39  Immortal  
  85  7:40  Probe x2  
  91  7:52  Probe  
  91  7:56  Pylon  
  92  8:00  Pylon  
  92  8:02  Stalker  
  94  8:14  Void Ray  
  94  8:16  Shield Battery  
  98  8:25  Protoss Ground Weapons Level 2 (Chrono Boost)  
  98  8:33  Nexus  
  98  8:58  Assimilator  
  98  9:02  Assimilator  
  98  9:04  Gateway  
  98  9:05  Gateway  
  98  9:07  Photon Cannon  
  98  9:11  Photon Cannon  
  98  9:13  Photon Cannon  
  98  9:16  Pylon  
  98  9:20  Pylon  
  70  9:56  Stalker x3  
  70  9:57  Stalker  
  68  10:07  Gateway  
  68  10:08  Probe (Chrono Boost)  
  68  10:09  Gateway  
  69  10:16  Pylon  
  69  10:18  Probe (Chrono Boost)  
  69  10:19  Pylon  
  70  10:23  Probe (Chrono Boost)  
  70  10:26  Fleet Beacon  
  71  10:28  Stalker x2  
  71  10:29  Stalker x4  
  71  10:35  Probe  
  84  10:38  Shield Battery  
  84  10:39  Probe x2  
  84  10:40  Probe, Shield Battery  
  87  10:43  Protoss Ground Armor Level 1  
  87  10:47  Probe (Chrono Boost)  
  92  10:57  Probe x2 (Chrono Boost)  
  92  10:59  Probe (Chrono Boost)  
  92  11:01  Probe (Chrono Boost)  
  92  11:04  Probe (Chrono Boost)  
  94  11:05  Probe x2 (Chrono Boost), Gateway  
  94  11:06  Gateway  
  94  11:09  Probe, Stalker  
  94  11:10  Stalker x4  
  94  11:11  Gateway, Stalker x2  
  108  11:12  Stalker  
  108  11:13  Probe  
  108  11:15  Probe  
  108  11:18  Flux Vanes  
  114  11:23  Probe x2  
  116  11:27  Void Ray (Chrono Boost)  
  116  11:28  Probe  
  121  11:35  Probe  
  122  11:40  Stargate  
  122  11:43  Stargate  
  122  11:49  Assimilator  
  122  11:52  Protoss Air Weapons Level 1 (Chrono Boost)  
  122  11:53  Assimilator  
  122  11:55  Pylon  
  122  11:56  Zealot x2  
  122  11:57  Zealot x3  
  122  11:58  Pylon  
  132  12:03  Void Ray  
  128  12:25  Void Ray (Chrono Boost)  
  128  12:29  Void Ray (Chrono Boost)  
  132  12:43  Void Ray (Chrono Boost)  
  99  13:17  Zealot x4  
  99  13:18  Zealot x2  
  105  13:20  Zealot  
Show
View Real Time Build Order
Export as new Build Order

Massa Terran - Winner!

Build Orders:  

Get SALT Encoding   

  12  0:01  SCV  
  13  0:13  SCV  
  14  0:20  Supply Depot  
  14  0:25  SCV  
  15  0:35  Refinery  
  15  0:45  Barracks  
  15  0:46  SCV  
  16  0:58  SCV  
  17  1:10  Barracks  
  17  1:14  SCV  
  18  1:34  SCV  
  19  1:41  Reaper  
  20  1:50  SCV, Supply Depot  
  21  1:59  Reaper  
  22  2:04  Orbital Command  
  22  2:13  Reaper, Engineering Bay  
  23  2:34  SCV  
  23  2:36  Reaper  
  25  2:45  Reaper  
  25  2:50  Command Center  
  26  2:54  SCV  
  27  3:06  SCV  
  27  3:41  Marine x2  
  28  3:47  Factory  
  29  3:50  Barracks  
  29  3:59  Marine x2  
  31  4:16  Marine  
  32  4:17  Marine  
  29  4:34  Marine  
  29  4:35  Factory Tech Lab  
  29  4:37  Barracks Tech Lab  
  30  4:39  Barracks Tech Lab  
  30  4:44  Orbital Command  
  30  4:46  SCV  
  30  4:52  Marine  
  32  4:53  Missile Turret  
  32  4:58  SCV  
  32  4:59  Missile Turret  
  33  5:00  Missile Turret  
  33  5:04  Missile Turret  
  33  5:09  Command Center  
  33  5:10  SCV  
  33  5:11  Starport  
  37  5:14  Siege Tank  
  37  5:17  Marauder  
  37  5:19  Refinery  
  39  5:22  SCV  
  39  5:24  Refinery  
  39  5:26  Refinery  
  40  5:41  Concussive Shells  
  40  5:46  Widow Mine  
  44  5:50  Marauder, Marine x2  
  46  6:04  Supply Depot  
  46  6:05  Supply Depot  
  46  6:12  Supply Depot  
  46  6:15  Missile Turret  
  46  6:20  Marine  
  46  6:21  SCV x2, Marauder, Missile Turret  
  46  6:22  Marauder  
  53  6:33  SCV x2  
  55  6:43  Marauder  
  55  6:45  SCV x2, Medivac  
  55  6:47  Combat Shield, Stimpack  
  61  6:56  Orbital Command  
  61  6:57  SCV x2  
  63  7:09  SCV x2  
  63  7:11  Widow Mine  
  63  7:15  Medivac  
  69  7:17  Marauder x2  
  69  7:21  SCV  
  75  7:22  SCV  
  75  7:23  SCV  
  76  7:32  Widow Mine  
  76  7:33  SCV  
  79  7:38  Marauder  
  79  7:41  SCV x2  
  83  7:45  SCV, Missile Turret  
  83  7:48  Missile Turret  
  83  7:50  Missile Turret  
  84  7:53  SCV, Missile Turret  
  84  7:57  Missile Turret  
  85  8:01  Missile Turret  
  85  8:05  Missile Turret  
  85  8:07  Missile Turret  
  85  8:08  Terran Infantry Armor Level 1  
  85  8:15  Engineering Bay  
  85  8:17  Armory  
  85  8:32  Supply Depot  
  85  8:36  Supply Depot  
  85  8:38  Supply Depot  
  85  8:39  Supply Depot  
  85  8:42  Missile Turret  
  85  8:44  Supply Depot  
  85  8:53  SCV x3, Marauder  
  85  8:54  Marauder  
  92  8:58  Marine  
  93  9:04  Armory  
  93  9:05  SCV x3  
  96  9:10  Thor  
  96  9:15  Marauder  
  104  9:17  SCV x3  
  107  9:29  SCV x3  
  110  9:37  Command Center  
  102  9:44  Marauder x2, Marine  
  82  10:01  Thor  
  82  10:02  Marine  
  82  10:05  Refinery, Marauder x2  
  93  10:07  Refinery  
  93  10:20  SCV x3, Marine  
  97  10:23  Command Center  
  97  10:26  Marauder  
  97  10:27  Marauder  
  101  10:32  SCV x3  
  103  10:37  Marine  
  104  10:44  SCV x2  
  104  10:46  SCV  
  104  10:48  Marauder x2  
  111  10:55  Marine  
  111  10:56  SCV x2  
  114  10:58  SCV  
  114  11:03  Barracks  
  115  11:05  Barracks  
  115  11:09  Marauder x2  
  119  11:12  Thor  
  119  11:13  Marine  
  119  11:15  Terran Infantry Armor Level 2, Terran Infantry Weapons Level 1  
  119  11:17  Terran Vehicle And Ship Armor Level 1, Terran Vehicle Weapons Level 1  
  126  11:30  Marine  
  126  11:31  Marauder, Marine  
  130  11:33  Planetary Fortress  
  130  11:37  SCV x3  
  130  11:39  Planetary Fortress  
  133  11:49  SCV x3, Marauder, Marine  
  133  11:52  Marauder  
  141  11:55  Factory, Thor  
  141  11:56  Factory x3  
  141  11:58  Barracks Reactor, Barracks Tech Lab  
  141  12:01  SCV x3  
  148  12:06  Marine  
  147  12:10  Marauder  
  147  12:13  SCV x3, Marauder  
  152  12:18  SCV x2  
  154  12:25  SCV  
  155  12:36  Supply Depot x2  
  155  12:38  Supply Depot  
  155  12:40  Supply Depot  
  155  12:47  SCV x3  
  155  12:53  SCV  
  155  12:54  SCV  
  153  12:59  Supply Depot  
  153  13:00  SCV  
  153  13:02  Supply Depot  
  153  13:04  Supply Depot  
  153  13:05  Supply Depot  
  150  13:12  Marauder x3  
  155  13:13  Marine  
  155  13:14  Marine  
  157  13:26  SCV x5  
  162  13:27  Barracks Reactor, Supply Depot  
  162  13:32  Supply Depot  
  172  13:43  Supply Depot  
  172  13:44  Supply Depot  
Show
View Real Time Build Order
Export as new Build Order

qqq Protoss - Winner!

Build Orders: Phoenix Opening, Carriers, Mass Phoenix 

Get SALT Encoding   

  12  0:02  Probe  
  13  0:13  Pylon  
  13  0:23  Pylon  
  13  0:29  Probe  
  14  0:41  Probe  
  15  0:46  Gateway  
  15  0:54  Pylon  
  15  0:59  Probe  
  16  1:11  Probe  
  16  1:17  Assimilator  
  17  1:23  Probe  
  18  1:35  Probe  
  19  1:47  Probe  
  20  1:57  Nexus  
  20  2:00  Probe  
  21  2:11  Cybernetics Core  
  21  2:12  Probe  
  21  2:15  Assimilator  
  22  2:24  Probe  
  23  2:36  Probe  
  24  2:48  Probe (Chrono Boost)  
  25  2:53  Stargate  
  25  3:00  Probe (Chrono Boost)  
  25  3:06  Probe (Chrono Boost)  
  25  3:11  Probe  
  27  3:14  Probe  
  27  3:16  Stargate  
  28  3:20  Stalker  
  28  3:23  Probe  
  28  3:26  Probe  
  32  3:35  Probe  
  32  3:37  Phoenix  
  32  3:39  Probe  
  36  3:42  Assimilator  
  36  3:47  Probe  
  37  3:50  Assimilator  
  37  3:51  Probe  
  38  3:59  Probe  
  38  4:00  Phoenix  
  41  4:03  Probe  
  42  4:11  Probe  
  42  4:14  Phoenix  
  42  4:15  Probe  
  46  4:24  Probe  
  47  4:26  Phoenix  
  47  4:27  Probe  
  50  4:35  Forge  
  50  4:36  Probe  
  51  4:46  Probe  
  51  4:48  Probe  
  51  4:49  Protoss Air Weapons Level 1  
  53  4:58  Probe  
  54  5:00  Pylon  
  54  5:09  Stargate  
  54  5:10  Pylon  
  54  5:18  Probe x2, Phoenix x2  
  60  5:25  Nexus  
  60  5:28  Photon Cannon  
  60  5:30  Probe  
  59  5:42  Probe  
  60  5:44  Phoenix  
  60  5:45  Phoenix  
  64  5:56  Pylon  
  64  6:02  Probe  
  65  6:08  Probe  
  65  6:09  Phoenix  
  68  6:13  Phoenix x2  
  68  6:14  Probe  
  73  6:20  Probe  
  73  6:25  Fleet Beacon  
  74  6:26  Probe  
  74  6:28  Pylon  
  74  6:32  Pylon  
  75  6:33  Probe  
  75  6:38  Probe  
  77  6:41  Photon Cannon x2  
  77  6:43  Pylon  
  77  6:45  Probe x2  
  79  6:50  Probe  
  80  6:57  Probe x2  
  80  7:00  Phoenix x3  
  88  7:09  Probe, Photon Cannon  
  88  7:10  Shield Battery  
  89  7:21  Probe  
  90  7:25  Carrier  
  96  7:33  Probe  
  95  7:44  Tempest x2  
  96  7:50  Assimilator  
  101  7:54  Assimilator  
  101  8:04  Nexus  
  101  8:05  Pylon  
  101  8:09  Pylon  
  101  8:18  Probe  
  102  8:26  Void Ray  
  106  8:27  Tempest  
  106  8:28  Anion Pulse-Crystals  
  106  8:30  Probe  
  112  8:35  Photon Cannon  
  112  8:37  Photon Cannon  
  112  8:40  Photon Cannon, Protoss Air Armor Level 1  
  112  8:42  Probe, Photon Cannon  
  112  8:43  Shield Battery  
  112  8:46  Shield Battery  
  112  8:47  Pylon  
  113  8:49  Tempest (Chrono Boost)  
  113  8:51  Pylon  
  113  8:53  Photon Cannon  
  113  8:55  Probe  
  119  9:07  Probe, Carrier (Chrono Boost)  
  124  9:13  Carrier (Chrono Boost)  
  130  9:28  Carrier (Chrono Boost)  
  134  10:04  Carrier  
  140  10:09  Gateway  
  140  10:10  Carrier  
  140  10:11  Gateway x2  
  146  10:18  Twilight Council  
  146  10:19  Probe  
  146  10:20  Pylon  
  147  10:24  Pylon  
  147  10:31  Probe  
  147  10:32  Nexus  
  147  10:33  Pylon  
  148  10:36  Pylon  
  148  10:39  Mothership  
  156  10:43  Probe  
  157  10:51  Carrier  
  157  10:55  Probe  
  164  11:07  Probe  
  157  11:41  Photon Cannon  
  157  11:43  Photon Cannon  
  157  11:45  Photon Cannon  
  157  11:47  Photon Cannon  
  157  11:49  Shield Battery  
  157  11:51  Shield Battery x2  
  157  11:52  Probe  
  157  11:53  Probe  
  159  11:54  Photon Cannon  
  159  11:57  Photon Cannon  
  159  11:59  Photon Cannon  
  159  12:04  Probe, Photon Cannon  
  159  12:05  Probe  
  159  12:06  Photon Cannon  
  161  12:09  Photon Cannon  
  161  12:10  Carrier  
  161  12:11  Pylon  
  167  12:15  Pylon  
  167  12:16  Probe  
  167  12:18  Probe, Carrier  
  167  12:21  Pylon  
  175  12:23  Pylon  
  175  12:26  Carrier  
  175  12:28  Probe  
  182  12:30  Probe  
  183  12:40  Probe  
Tags
 
Add a new tag
Caveats
  • Supply blocks, unpowered buildings, or Contaminate may cause inaccurate times.
  • Supply counts are checked every 10 seconds.